Map: 엔디온 잔해

Players

꽁알

  • Race: Zerg Zerg
  • League: Platinum

가온나래 - Winner!

  • Race: Terran Terran
  • League: Platinum

VOD

Have the link to the VOD?

Description

Time

  • Played on: May 25, 2016, 3:49 a.m.
  • Length: 20:19
Show
View Real Time Build Order
Export as new Build Order

꽁알 Zerg 

Build Orders: Hatch First 

Get SALT Encoding   

  12  0:01  Drone  
  13  0:07  Drone  
  14  0:17  Overlord  
  14  0:36  Drone  
  14  0:37  Drone x2  
  17  0:53  Hatchery  
  17  0:56  Drone  
  17  1:00  Drone  
  18  1:14  Spawning Pool  
  18  1:16  Drone  
  18  1:19  Extractor  
  18  1:22  Extractor, Drone  
  17  1:30  Drone  
  18  1:41  Drone  
  19  2:01  Queen  
  19  2:02  Drone  
  19  2:04  Overlord  
  19  2:05  Queen  
  19  2:06  Drone  
  25  2:17  Metabolic Boost  
  25  2:19  Zergling x2  
  25  2:20  Drone  
  27  2:25  Drone  
  27  2:29  Drone  
  29  2:36  Drone  
  30  3:01  Drone x2  
  30  3:03  Drone  
  30  3:04  Drone x2  
  35  3:10  Extractor  
  35  3:11  Overlord x2  
  35  3:12  Overlord, Extractor  
  33  3:15  Drone x2  
  33  3:19  Drone  
  36  3:24  Overlord  
  36  3:33  Drone x3  
  36  3:34  Drone  
  39  3:42  Drone x2  
  39  3:46  Zergling x6  
  44  3:57  Drone  
  44  3:58  Roach Warren, Drone x2  
  44  4:00  Drone  
  47  4:08  Lair  
  47  4:09  Drone  
  48  4:12  Drone  
  48  4:14  Drone  
  49  4:26  Zergling x10  
  52  4:38  Roach x3  
  55  5:06  Roach x6  
  67  5:30  Spore Crawler  
  67  5:31  Spore Crawler  
  65  5:37  Spore Crawler  
  64  5:44  Spore Crawler x2  
  62  5:53  Roach x3  
  62  5:54  Overlord x3  
  68  6:03  Spore Crawler  
  67  6:14  Drone x2  
  67  6:15  Roach x2  
  75  6:25  Roach  
  75  6:26  Roach x3  
  75  6:30  Glial Reconstitution  
  80  6:44  Roach x2  
  80  6:45  Roach x3  
  90  6:50  Ravager x3  
  90  6:53  Overlord x2  
  91  6:56  Pneumatized Carapace  
  91  7:01  Overseer x2  
  91  7:02  Overseer  
  91  7:14  Ravager  
  91  7:15  Ravager x7  
  98  7:16  Ravager x3  
  98  7:21  Ravager  
  98  7:22  Ravager  
  101  7:37  Roach  
  101  7:38  Roach x2  
  107  7:57  Overlord x3  
  101  8:13  Roach x3  
  101  8:15  Overlord x2  
  101  8:17  Roach x4  
  113  8:42  Roach  
  113  8:43  Roach x4  
  123  8:59  Roach x6  
  63  9:38  Drone x3  
  64  9:45  Drone  
  64  9:46  Drone x2  
  66  9:58  Hatchery  
  66  9:59  Drone  
  66  10:01  Roach x2  
  70  10:12  Ravager x6  
  70  10:13  Ravager x5  
  81  10:19  Drone x3  
  84  10:44  Roach  
  84  10:45  Roach x6  
  95  10:55  Roach  
  95  10:56  Roach  
  90  11:05  Overseer  
  87  11:19  Drone  
  87  11:20  Drone x2  
  87  11:22  Queen  
  90  11:38  Drone x3  
  93  11:42  Drone  
  93  11:44  Drone  
  93  11:46  Drone  
  96  11:53  Overseer  
  96  11:55  Drone  
  96  12:00  Roach  
  99  12:03  Roach  
  101  12:08  Drone  
  101  12:09  Drone  
  101  12:13  Drone  
  104  12:16  Drone  
  104  12:18  Drone  
  104  12:21  Drone  
  107  12:25  Drone  
  107  12:28  Drone  
  109  12:30  Drone  
  109  12:36  Queen  
  112  12:39  Drone  
  112  12:41  Drone  
  114  12:47  Evolution Chamber  
  114  12:49  Evolution Chamber  
  114  12:51  Drone  
  113  12:53  Drone  
  113  12:56  Drone  
  115  13:00  Roach  
  115  13:01  Roach  
  115  13:04  Roach  
  121  13:05  Ravager  
  121  13:06  Ravager  
  121  13:07  Ravager  
  116  13:22  Drone  
  116  13:23  Drone x2  
  116  13:24  Drone  
  116  13:25  Drone  
  121  13:34  Drone x3  
  121  13:40  Drone  
  125  13:44  Roach x2  
  129  13:50  Drone  
  129  13:54  Overlord  
  130  14:08  Overlord x3  
  124  14:25  Roach x3  
  124  14:30  Drone x6  
  136  14:34  Extractor  
  136  14:35  Extractor  
  136  14:37  Zerg Missile Weapons Level 1  
  136  14:38  Zerg Ground Armor Level 1  
  134  14:45  Baneling Nest  
  133  14:46  Roach x2  
  120  15:08  Hatchery  
  119  15:15  Roach x2  
  119  15:17  Roach  
  124  15:28  Roach  
  124  15:39  Zergling x2  
  124  15:40  Zergling x4  
  124  15:42  Zergling x2  
  128  15:53  Drone x2  
  128  15:56  Drone  
  131  16:03  Zergling x2  
  132  16:13  Zergling x6  
  135  16:26  Drone x3  
  135  16:29  Drone  
  139  16:38  Zergling x2  
  139  16:47  Zergling x6, Centrifical Hooks  
  141  17:03  Zergling x10  
  146  17:08  Baneling  
  146  17:09  Baneling x8  
  146  17:10  Baneling  
  146  17:11  Baneling  
  141  17:29  Drone  
  140  17:30  Drone x2  
  140  17:35  Baneling  
  140  17:36  Baneling  
  141  17:37  Baneling  
  141  17:52  Roach x2  
  141  18:25  Roach  
  141  18:26  Roach x5  
  139  18:46  Baneling x9  
  139  18:47  Baneling x4  
  139  18:51  Spore Crawler  
  139  18:52  Spore Crawler  
  137  19:15  Roach  
  137  19:16  Zergling x2, Roach x2  
  144  19:21  Hatchery  
  134  19:35  Zergling x2  
  134  19:36  Zergling x8  
  139  19:38  Baneling  
  139  19:39  Baneling  
  139  19:45  Zergling x2  
  140  19:47  Drone x3  
Show
View Real Time Build Order
Export as new Build Order

가온나래 Terran - Winner!

Build Orders: Reaper Expand, MMM Bio 

Get SALT Encoding   

  12  0:00  SCV  
  13  0:13  SCV  
  14  0:18  Supply Depot  
  14  0:25  SCV  
  15  0:39  SCV  
  15  0:41  Barracks  
  16  0:46  Refinery  
  16  0:51  SCV  
  17  1:04  SCV  
  18  1:16  SCV  
  19  1:28  Reaper  
  19  1:29  Orbital Command  
  20  1:45  Command Center  
  20  1:53  Supply Depot  
  20  2:07  Barracks Reactor  
  20  2:10  SCV  
  21  2:22  SCV  
  22  2:23  Factory  
  22  2:33  Barracks  
  22  2:34  SCV  
  26  3:06  Orbital Command  
  26  3:11  Starport  
  23  3:14  SCV  
  23  3:17  Refinery, Hellion x2  
  23  3:19  Marine  
  29  3:21  Barracks Reactor  
  29  3:26  SCV  
  30  3:38  Hellion x2, SCV  
  35  3:44  SCV  
  36  3:48  Bunker  
  36  3:50  SCV  
  37  3:55  Marine  
  37  3:56  SCV  
  37  4:02  SCV  
  40  4:04  Supply Depot  
  40  4:08  Widow Mine x2, SCV  
  40  4:09  Liberator  
  45  4:11  Marine  
  46  4:19  SCV  
  46  4:26  Supply Depot, SCV  
  46  4:31  Refinery, SCV  
  51  4:32  Marine  
  51  4:34  Marine, Barracks Tech Lab  
  51  4:38  SCV  
  53  4:50  Marine, SCV  
  52  4:57  Marine x2  
  50  5:03  Widow Mine x2, Barracks  
  50  5:05  SCV  
  55  5:07  Refinery, Marine  
  55  5:10  Engineering Bay  
  56  5:14  SCV  
  56  5:15  Engineering Bay  
  56  5:16  Armory  
  56  5:18  Marine, SCV  
  56  5:20  Stimpack  
  59  5:26  Marine x2, SCV  
  62  5:33  Supply Depot  
  62  5:51  Starport Reactor  
  62  5:53  Barracks Reactor  
  62  5:54  Marine x3, SCV  
  62  5:56  Supply Depot  
  66  6:06  Widow Mine x2  
  66  6:10  Supply Depot  
  70  6:16  Missile Turret  
  70  6:17  Marine x3  
  70  6:18  SCV x2  
  75  6:27  Supply Depot  
  75  6:30  SCV  
  76  6:34  Supply Depot  
  76  6:35  Marine x3  
  76  6:38  Marine x2  
  77  6:42  SCV  
  78  6:47  Bunker  
  78  6:51  Liberator x2  
  78  6:53  Marine  
  78  6:54  SCV  
  79  7:01  Bunker  
  79  7:06  Widow Mine, SCV  
  90  7:17  Marine x2  
  90  7:18  SCV  
  90  7:20  Combat Shields  
  90  7:21  Barracks  
  92  7:23  Barracks  
  90  7:30  SCV  
  89  7:43  Factory Tech Lab, SCV  
  90  7:48  Marine x3, Bunker  
  90  7:50  Marauder  
  90  7:51  Medivac x2  
  93  8:11  Marauder  
  93  8:12  Marine x2  
  93  8:13  Barracks Tech Lab  
  93  8:16  Siege Tank  
  93  8:19  Barracks Reactor  
  98  8:20  SCV  
  98  8:24  Terran Infantry Weapons Level 1  
  98  8:26  Terran Infantry Armor Level 1  
  99  8:32  Marauder  
  99  8:48  Siege Tank  
  102  9:00  Marine  
  102  9:01  Marine  
  102  9:03  Marine  
  102  9:04  Marauder  
  73  9:21  Marine x3  
  73  9:22  Liberator  
  73  9:24  Marine x4  
  65  9:25  Marauder  
  65  9:34  SCV  
  65  9:37  Medivac  
  69  9:38  Marine, Bunker  
  69  9:39  Marine x2  
  69  9:42  Marine  
  71  9:46  SCV  
  71  9:50  Liberator  
  72  9:57  Marine x2, Concussive Shells  
  72  9:58  Siege Tank, SCV  
  78  10:04  Marine  
  79  10:10  SCV  
  79  10:13  Command Center  
  83  10:19  Marine  
  83  10:20  Marine x2  
  85  10:22  SCV  
  85  10:27  Supply Depot  
  86  10:32  Marine x2  
  86  10:35  SCV  
  87  10:58  Marine x5  
  87  10:59  Marauder x2  
  93  11:17  SCV  
  94  11:19  Terran Infantry Weapons Level 2  
  94  11:21  Marauder  
  96  11:29  SCV  
  97  11:39  Marine x4, Marauder  
  103  11:42  Medivac x2, Marauder  
  109  11:50  SCV  
  110  11:55  Liberator  
  110  12:08  Marine x3  
  116  12:16  Supply Depot  
  116  12:20  Starport  
  116  12:21  Liberator  
  116  12:33  Marine  
  117  12:38  Marine  
  117  12:39  Supply Depot  
  121  12:53  Missile Turret  
  121  12:55  Medivac  
  121  13:20  Marine x2  
  121  13:21  Marauder  
  121  13:22  Starport Tech Lab  
  125  13:32  Orbital Command  
  125  13:41  SCV x2  
  125  13:43  Fusion Core  
  127  13:53  SCV x2  
  129  13:58  SCV  
  130  14:03  Terran Infantry Armor Level 2, Terran Infantry Weapons Level 3  
  130  14:04  Marine x3  
  133  14:13  Refinery  
  133  14:19  SCV  
  133  14:21  Marine, SCV  
  133  14:22  SCV  
  131  14:33  SCV  
  132  14:52  Liberator  
  124  15:06  Marine x3  
  127  15:08  Marauder  
  127  15:09  Advanced Ballistics  
  132  15:16  Refinery  
  132  15:18  Supply Depot  
  131  15:34  Marine x2  
  133  15:39  Barracks, Battlecruiser  
  133  15:40  Ghost Academy  
  133  15:42  Supply Depot  
  139  15:44  Marine, Barracks  
  139  15:45  Marine  
  139  15:46  Liberator  
  141  15:53  Supply Depot  
  141  15:54  Supply Depot, Command Center  
  141  16:01  Missile Turret  
  141  16:03  Marine x3, Medivac  
  149  16:04  Supply Depot  
  149  16:08  Sensor Tower  
  149  16:14  Marine x5  
  149  16:15  Terran Ship Weapons Level 1  
  154  16:30  Refinery x2  
  154  16:32  Marine  
  146  16:43  Viking  
  146  16:59  Marine x3  
  146  17:00  Ghost x2, Barracks Tech Lab x2  
  146  17:01  Marine x3  
  156  17:08  Medivac  
  156  17:09  Medivac  
  156  17:13  Viking  
  162  17:16  Orbital Command  
  162  17:17  Marine x3  
  162  17:21  Supply Depot  
  165  17:28  Ghost  
  165  17:29  Marauder  
  166  17:43  Viking  
  168  17:54  Missile Turret  
  168  18:09  Liberator x2, Terran Vehicle And Ship Armor Level 1  
  168  18:23  Marine  
  168  18:24  Marine x7  
  182  18:27  Viking  
  163  18:46  Marine x3, Ghost  
  163  18:47  Marine x3  
  171  18:49  SCV  
  171  18:55  Hi-Sec Auto Tracking  
  172  18:56  SCV  
  172  18:57  Viking  
  172  19:01  SCV  
  176  19:03  Command Center  
  176  19:08  SCV  
  176  19:09  Medivac  
  175  19:27  Banshee  
  178  19:31  Marine x3  
  178  19:32  Marine x6  
  178  19:33  Medivac  
Tags
 
Add a new tag
Caveats
  • Supply blocks, unpowered buildings, or Contaminate may cause inaccurate times.
  • Supply counts are checked every 10 seconds.